 Dungeon Crawl Stone Soup version 0.27-a0-1191-g601b473118 (webtiles) character file.

Game seed: 11442890284700201557

6631 spiderkeys the Cleaver (level 11, 0/101 HPs)
             Began as a Hill Orc Fighter on May 24, 2021.
             Was an Elder of Okawaru.
             Slain by a boulder beetle (33 damage)
             ... on level 8 of the Dungeon.
             The game lasted 00:15:22 (11709 turns).

spiderkeys the Cleaver (Hill Orc Fighter)          Turns: 11709, Time: 00:15:22

Health: 0/101      AC: 19    Str: 23    XL:     11   Next: 2%
Magic:  11/11      EV:  6    Int:  8    God:    Okawaru [****..]
Gold:   380        SH: 12    Dex: 10    Spells: 10/10 levels left

rFire    + . .     SeeInvis .   a - +1 war axe
rCold    . . .     Faith    .   c - +0 kite shield
rNeg     . . .     Spirit   .   j - +0 plate armour
rPois    +         Reflect  .   (no helmet)
rElec    .         Harm     .   d - +1 cloak
rCorr    .         Rampage  .   s - +0 pair of gloves
Will     .....                  x - +0 pair of boots
Stlth    ..........             v - amulet of magic regeneration
HPRegen  0.26/turn              P - ring of poison resistance
MPRegen  0.37/turn              F - ring of protection from fire

@: slowed, very slow
A: no striking features
a: Renounce Religion, Heroism


You were on level 8 of the Dungeon.
You worshipped Okawaru.
Okawaru was greatly pleased with you.
You visited 2 branches of the dungeon, and saw 9 of its levels.

You collected 380 gold pieces.


   Skills:
 + Level 10.4 Fighting
 + Level 10.9 Axes
 + Level 9.6 Armour
 + Level 9.6 Shields


You had 10 spell levels left.
You didn't know any spells.
Your spell library contained the following spells:

 Spells                   Type           Power      Damage    Failure   Level
 Corona                   Hex            0%         N/A       100%        1
 Slow                     Hex            0%         N/A       100%        2
 Inner Flame              Hex/Fire       0%         N/A       100%        3
 Portal Projectile        Hex/Tloc       0%         N/A       100%        3
 Cause Fear               Hex            0%         N/A       100%        4
 Leda's Liquefaction      Hex/Erth       0%         N/A       100%        4

Inventory:

Hand Weapons
 a - a +1 war axe (weapon)
Missiles
 e - 165 stones (quivered)
 h - 7 sling bullets
 l - 112 arrows
 m - 31 bolts
 p - 25 poisoned darts
 r - 15 atropa-tipped darts
 u - 3 throwing nets {=f!f}
Armour
 c - a +0 kite shield (worn)
 d - a +1 cloak (worn)
   (You took it off Crazy Yiuf on level 3 of the Dungeon)
 j - a +0 plate armour (worn)
   (You found it on level 3 of the Dungeon)
 s - a +0 pair of gloves (worn)
   (You found it on level 6 of the Dungeon)
 x - a +0 pair of boots (worn)
   (You found it on level 7 of the Dungeon)
Jewellery
 v - an amulet of magic regeneration (around neck)
   (You found it on level 6 of the Dungeon)
 F - a ring of protection from fire (right hand)
   (You found it on level 7 of the Dungeon)
 I - a +6 ring of intelligence
   (You found it on level 1 of the Dungeon)
 N - a ring of positive energy
   (You found it on level 7 of the Dungeon)
 P - a ring of poison resistance (left hand)
   (You found it on level 8 of the Dungeon)
 W - a ring of magical power
   (You found it on level 5 of the Dungeon)
Wands
 b - a wand of flame (19)
   (You found it on level 7 of the Dungeon)
Scrolls
 k - 7 scrolls of amnesia
 A - a scroll of magic mapping {!r}
Potions
 f - 3 potions of lignification {!q}
 g - a potion of mutation {!q}
 i - a potion of attraction {!q}
 n - a potion of curing {unknown}
 o - 2 potions of haste {@q3}
 q - a potion of resistance {unknown}
 t - a potion of degeneration {unknown}
 w - a potion of ambrosia {unknown}

Dungeon Overview and Level Annotations

Branches:
Dungeon (8/15)             Temple (1/1) D:6
   Lair: D:8-11

Altars:
Ashenzari
Cheibriados
Dithmenos
Fedhas
Kikubaaqudgha
Nemelex Xobeh
Okawaru
Ru
Sif Muna
Uskayaw
Yredelemnul
Zin
The Shining One

Shops:
D:4 (

Annotations:
D:8 Erica

.##.#..####.#.###.## #.......
#†.#.#........##...# #####.###
###.#.##[###..##...# #.......#
#.○#°°Bu....##...# #.##.##.#
#...###)##..##...# #.##.##.#
###.........##...######.#......
#.###+###....^......#.#.#.#.#
#.# #...........#........ #.#
#...@.>.....###...... ..#
#.##B..####.# #(...## #.#
#.##○..# #.###...... ..#
#.##○).## #...)...... #.#
#.......# ######..###
.......#....# #..###
######.##.#.# #..... ....(....
#.##.# ##.##(#.##.# #.##..


You could see a boulder beetle (rolling).


Message History

😨 HP[-14]
You take 14 damage, and now have 36/93 hp.
You hit Erica.
The centaur warrior shoots an arrow.
The arrow hits you.
* * * LOW HITPOINT WARNING * * *
Erica hits you with a +3 scimitar of flaming!
* * * LOW HITPOINT WARNING * * *
😱 HP[-13]
You take 13 damage, and now have 23/93 hp.
You feel much better.
The centaur warrior shoots an arrow.
The arrow hits you.
* * * LOW HITPOINT WARNING * * *
You block Erica's attack. 😨 HP[+16]
You regained 16 hp, and now have 39/93 hp.
You feel much better.
Erica points at you and mumbles some strange words.
You block the lance of force. 😮 HP[+30]
You regained 30 hp, and now have 69/93 hp.
You hit the boulder beetle but do no damage.
You hit Erica. You block the boulder beetle's attack.
The boulder beetle stops rolling and uncurls.
Erica hits you but does no damage.
You hit the boulder beetle but do no damage.
You hit Erica. You slash the centaur warrior!
The centaur warrior unwields a +0 shortbow.
The centaur warrior hits you.
The centaur warrior kicks you but does no damage.
The boulder beetle bites you but does no damage.
The centaur warrior hits you.
The centaur warrior kicks you but does no damage.
Erica screams, "Do you want it fast or slow?!"
Erica hits you with a +3 scimitar of flaming.
Erica burns you.
The boulder beetle leaps! 😮 HP[-14]
You take 14 damage, and now have 55/93 hp.
You block the centaur warrior's attack.
The centaur warrior kicks you but does no damage.
Erica points at you and mumbles some strange words.
The bolt of poison misses you.
You slash the centaur warrior! The centaur warrior hits you!
The centaur warrior kicks you but does no damage.
Erica points at you and mumbles some strange words.
You feel yourself slow down. You block the centaur warrior's attack.
The centaur warrior kicks you but does no damage. 😮 HP[-6]
You take 6 damage, and now have 49/93 hp.
You slash the centaur warrior! The centaur warrior hits you!
* * * LOW HITPOINT WARNING * * *
The centaur warrior kicks you but does no damage.
The centaur warrior hits you but does no damage.
The centaur warrior kicks you but does no damage. 😨 HP[-10]
You take 10 damage, and now have 39/93 hp.
You slice the centaur warrior!!
You kill the centaur warrior!
Okawaru is honoured by your kill.
You hit Erica.
The boulder beetle looks more healthy.
You block Erica's attack.
Erica hits you with a +3 scimitar of flaming.
* * * LOW HITPOINT WARNING * * *
You block the boulder beetle's attack.
You have reached level 11! 😨 MP[+1]
You now have 101 max hp (+8).
Your mp is fully restored (11).
You hit the boulder beetle but do no damage.
You closely miss Erica.
Erica hits you with a +3 scimitar of flaming!
* * * LOW HITPOINT WARNING * * *
You block the boulder beetle's attack. You block Erica's attack.
The boulder beetle bites you but does no damage. 😨 HP[-7]
You take 7 damage, and now have 32/101 hp.
You hit the boulder beetle but do no damage.
You closely miss Erica. Erica hits you but does no damage.
You block the boulder beetle's attack.
You hit the boulder beetle but do no damage.
You closely miss Erica. Erica gestures at you while chanting.
You block the lance of force.
The boulder beetle bites you but does no damage.
Erica points at you and mumbles some strange words.
The lance of force hits you!!
* * * LOW HITPOINT WARNING * * *
You are knocked back by the lance of force. 😱 HP[-17]
You take 17 damage, and now have 15/101 hp.
You feel much better.
Erica gestures at herself while chanting.
Erica flickers and vanishes!
Deactivating autopickup; reactivate with Ctrl-A.
The boulder beetle curls into a ball and begins rolling! 😨 HP[+17]
You regained 17 hp, and now have 32/101 hp.
Throw: 26 darts (poison)
Press: ? - help, Shift-Dir - straight line, f/p - boulder beetle
Aim: a boulder beetle (almost dead, rolling, 90% to hit)
You throw a poisoned dart.
The poisoned dart hits the boulder beetle.
The boulder beetle hits you!!
You die...

Skill      XL: |  1  2  3  4  5  6  7  8  9 10 |
---------------+-------------------------------+-----
Axes           | 3 4 5 6 7 9 10 | 10.9
Fighting       | 4 5 6 7 9 10 | 10.4
Armour         | 4 5 7 8 9 |  9.6
Shields        | 4 5 7 8 9 |  9.6

Action                   |  1- 3 |  4- 6 |  7- 9 | 10-12 || total
-------------------------+-------+-------+-------+-------++-------
Melee: War axe           |    78 |   175 |   399 |   164 ||   816
Throw: Dart              |       |       |     5 |     8 ||    13
Invok: Heroism           |       |       |       |     1 ||     1
  Use: Scroll            |     1 |     5 |     3 |     5 ||    14
       Potion            |       |     1 |     5 |     3 ||     9
Armor: Scale mail        |    46 |    64 |       |       ||   110
       Plate armour      |       |    66 |   259 |   121 ||   446
Dodge: Dodged            |    37 |    57 |    75 |    31 ||   200
Block: Kite shield       |    46 |   127 |   229 |   114 ||   516

Levels and vault maps discovered:
D:1:      dpeg_arrival_arbitrary_a, layout_basic,
          hellmonk_ecumenical_altar_inner_sanctum
D:2:      layout_loops_cross, st_stairs_12, minmay_misc_feat_secret_circle
D:3:      layout_loops_ring, fedhas_altar_1, uniq_crazy_yiuf_cottage
D:4:      layout_loops_corners, cheibrodos_worm_habitat, zin_scriptorium,
          nicolae_overflow_hidden_temple, nicolae_ru_sacrificial_ziggurat,
          serial_shops, shop, grunt_ministairs_3, minivault_25, uniq_sigmund
D:5:      layout_cave_pools, lemuel_mausoleum_altar_kikubaaqudgha
D:6:      layout_loops_cross, kennysheep_mini, general_overflow_altar,
          minmay_temple_entry_enclosed_plants
D:7:      layout_loops_cross, nrook_mini_vaults, nicolae_benzene_ring
D:8:      layout_loops_cross, minmay_shattered_shrine, uniq_erica
Temple:   nicolae_temple_figure_zero

Notes
Turn   | Place    | Note
-------+----------+-------------------------------------------
     0 | D:1      | spiderkeys the Hill Orc Fighter began the quest for the
                  | Orb.
     0 | D:1      | Reached XP level 1. HP: 19/19 MP: 1/1
     0 | D:1      | magus.rc [v1.9.10]
   116 | D:1      | Reached XP level 2. HP: 27/27 MP: 2/2
   119 | D:1      | Reached skill level 3 in Axes
   419 | D:1      | Reached skill level 4 in Fighting
   428 | D:1      | Reached XP level 3. HP: 28/33 MP: 3/3
  1088 | D:1      | Found a faded altar of an unknown god.
  1595 | D:2      | Reached XP level 4. HP: 32/40 MP: 4/4
  1920 | D:2      | Reached skill level 4 in Armour
  1920 | D:2      | Reached skill level 4 in Shields
  2488 | D:3      | Reached skill level 4 in Axes
  2615 | D:3      | Reached XP level 5. HP: 43/47 MP: 5/5
  2676 | D:3      | Found a blossoming altar of Fedhas.
  3450 | D:3      | Found a runed translucent door.
  3451 | D:3      | Noticed Crazy Yiuf
  3620 | D:3      | Killed Crazy Yiuf
  3785 | D:4      | Reached skill level 5 in Fighting
  3788 | D:4      | Reached XP level 6. HP: 39/56 MP: 6/6
  3952 | D:4      | Reached skill level 5 in Axes
  4001 | D:4      | Noticed a black bear
  4008 | D:4      | Killed a black bear
  4009 | D:4      | Reached skill level 5 in Armour
  4009 | D:4      | Reached skill level 5 in Shields
  4009 | D:4      | Reached XP level 7. HP: 47/61 MP: 7/7
  4180 | D:4      | Noticed Sigmund
  4207 | D:4      | Killed Sigmund
  4432 | D:4      | Found a snail-covered altar of Cheibriados.
  4506 | D:4      | Found Zysmyis's Antique Weapon Shoppe.
  4618 | D:4      | Reached skill level 6 in Fighting
  4639 | D:4      | Found a glowing silver altar of Zin.
  4797 | D:4      | Found a basalt altar of Yredelemnul.
  4862 | D:4      | Found a sacrificial altar of Ru.
  4875 | D:4      | Reached skill level 6 in Axes
  5279 | D:5      | Entered Level 5 of the Dungeon
  5361 | D:5      | HP: 15/63 [something (5)]
  5370 | D:4      | HP: 14/63 [something (3)]
  5372 | D:4      | HP: 2/63 [something (6)]
  5379 | D:4      | Reached XP level 8. HP: 50/71 MP: 8/8
  5655 | D:5      | Reached skill level 6 in Armour
  5655 | D:5      | Reached skill level 6 in Shields
  5869 | D:5      | Reached skill level 7 in Fighting
  5869 | D:5      | Reached skill level 7 in Axes
  6691 | D:5      | Reached skill level 7 in Armour
  6691 | D:5      | Reached skill level 7 in Shields
  6691 | D:5      | Reached XP level 9. HP: 77/80 MP: 9/9
  6702 | D:5      | Found an ancient bone altar of Kikubaaqudgha.
  6741 | D:5      | Reached skill level 8 in Axes
  6943 | D:6      | HP: 17/81 [ogre/+0 giant club (20)]
  6944 | D:6      | HP: 8/81 [ogre/+0 giant club (9)]
  7311 | D:6      | Found a shadowy altar of Dithmenos.
  7326 | D:6      | Found a staircase to the Ecumenical Temple.
  7332 | Temple   | Entered the Ecumenical Temple
  7405 | Temple   | Became a worshipper of Warmaster Okawaru
  7459 | D:6      | Found a hide-covered altar of Uskayaw.
  7477 | D:6      | Reached skill level 8 in Fighting
  8594 | D:7      | Reached * piety under Okawaru
  8739 | D:7      | HP: 20/82 [yak (5)]
  8740 | D:7      | HP: 9/82 [yak (11)]
  8764 | D:6      | Reached skill level 9 in Axes
  8764 | D:6      | Reached skill level 8 in Armour
  9057 | D:7      | Reached skill level 8 in Shields
  9206 | D:7      | Reached ** piety under Okawaru
  9207 | D:7      | Reached skill level 9 in Fighting
  9207 | D:7      | Reached XP level 10. HP: 52/91 MP: 10/10
  9796 | D:7      | Noticed a two-headed ogre
  9808 | D:7      | Killed a two-headed ogre
 10470 | D:8      | You pick up a book of Debilitation and begin reading...
 10470 | D:8      | You add the spells Corona, Slow, Inner Flame, Portal
                  | Projectile, Cause Fear and Leda's Liquefaction to your
                  | library.
 10533 | D:8      | Reached skill level 10 in Axes
 10814 | D:8      | Reached skill level 9 in Shields
 10821 | D:8      | Reached *** piety under Okawaru
 10822 | D:8      | Reached skill level 9 in Armour
 10996 | D:8      | Noticed a purple ugly thing
 10996 | D:8      | Noticed a cyclops
 11013 | D:8      | Noticed a centaur warrior
 11014 | D:8      | Noticed a boulder beetle
 11390 | D:8      | Killed a purple ugly thing
 11391 | D:8      | Reached skill level 10 in Fighting
 11434 | D:8      | Killed a cyclops
 11644 | D:8      | Noticed Erica
 11696 | D:8      | HP: 23/93 [Erica/+3 scimitar of flaming (7)]
 11704 | D:8      | Killed a centaur warrior
 11704 | D:8      | Reached **** piety under Okawaru
 11705 | D:8      | Reached XP level 11. HP: 39/101 MP: 11/11
 11707 | D:8      | HP: 15/101 [Erica/lance of force (18)]
 11709 | D:8      | Slain by a boulder beetle

Vanquished Creatures
  A centaur warrior (D:8)
  A two-headed ogre (D:7)
  An ugly thing (D:8)
  A cyclops (D:8)
  A slime creature (D:8)
  Sigmund (D:4)
  A shadow (D:8)
  3 yaks
  2 steam dragons
  An acid dragon (D:8)
  A water moccasin (D:7)
  2 orc warriors
  2 ice beasts
  A sky beast (D:4)
  A black bear (D:4)
  3 necrophages
  3 ogres
  3 centaurs
  A phantom (D:5)
  A kobold brigand (D:5)
  2 bullfrogs
  A wyvern zombie (D:5)
  2 gnoll sergeants
  A scorpion (D:4)
  2 water moccasin zombies (D:5)
  2 water moccasin skeletons
  2 wights
  A howler monkey (D:4)
  3 centaur zombies (D:5)
  A human zombie (D:5)
  Crazy Yiuf (D:3)
  3 centaur skeletons
  A hound (D:5)
  5 jellies
  A gnoll shaman (D:7)
  3 bullfrog skeletons
  2 orc wizards
  2 iguanas
  A killer bee zombie (D:7)
  2 hound zombies (D:5)
  A mummy (D:5)
  2 hound skeletons (D:4)
  18 gnolls
  6 adders
  A shadow imp (D:7)
  2 white imps
  4 worms
  3 dart slugs
  18 orcs
  8 bats
  4 endoplasms
  3 giant cockroaches
  4 goblins
  7 hobgoblins
  8 jackals
  18 kobolds
  6 quokkas
  13 ball pythons
  3 frilled lizards
  4 rats
202 creatures vanquished.

Vanquished Creatures (others)
  11 plants (D:8)
11 creatures vanquished.

Grand Total: 213 creatures vanquished

Table legend:
 A = Non-vault XP
 B = Vault XP
 C = Vault XP percentage of total XP
 D = Non-vault monster count
 E = Vault monster count
 F = Vault count percentage of total count
                 A         B        C        D         E       F
            +---------+---------+-------+---------+---------+-------
      Total |    5180 |    4294 |  45.3 |     172 |      30 |  14.9
            +---------+---------+-------+---------+---------+-------
        D:1 |      48 |       0 |   0.0 |      29 |       0 |   0.0
        D:2 |      96 |      15 |  13.5 |      26 |       1 |   3.7
        D:3 |      98 |      44 |  31.0 |      24 |       1 |   4.0
        D:4 |     622 |     305 |  32.9 |      22 |       4 |  15.4
        D:5 |     780 |     704 |  47.4 |      21 |      12 |  36.4
        D:6 |    1074 |       0 |   0.0 |      21 |       0 |   0.0
        D:7 |    2311 |       0 |   0.0 |      21 |       0 |   0.0
        D:8 |     151 |    3226 |  95.5 |       8 |      12 |  60.0
            +---------+---------+-------+---------+---------+-------

Illustrated notes

Table legend:
 A = Kills in this place as a percentage of kills in entire the game.
 B = Kills by you in this place as a percentage of kills by you in the entire game.
 C = Kills by friends in this place as a percentage of kills by friends in the entire game.
 D = Other kills in this place as a percentage of other kills in the entire game.
 E = Experience gained in this place as a percentage of experience gained in the entire game.
 F = Experience gained in this place divided by the number of levels of this place that you have seen.
                   A       B       C       D       E      F
               +-------+-------+-------+-------+-------+----------------------
         Total | 100.0 | 100.0 |   N/A |   N/A | 100.0 | 1052.7
       Dungeon | 100.0 | 100.0 |   N/A |   N/A | 100.0 | 1184.2
               +-------+-------+-------+-------+-------+----------------------

Table legend: (Time is in decaauts)
 A = Elapsed time spent in this place.
 B = Non-inter-level travel time spent in this place.
 C = Inter-level travel time spent in this place.
 D = Time resting spent in this place.
 E = Time spent auto-exploring this place.
 F = Levels seen in this place.
 G = Mean time per level.
                   A        B        C        D        E       F      G
               +--------+--------+--------+--------+--------+-----+--------+
         Total |  12003 |  11695 |    308 |   1208 |   8622 |   9 | 1333.7 |
       Dungeon |  11917 |  11620 |    297 |   1208 |   8558 |   8 | 1489.6 |
        Temple |     85 |     74 |     11 |      0 |     64 |   1 |   85.0 |
               +--------+--------+--------+--------+--------+-----+--------+

Top non-repeatable levels by time:
     D:7: 2064 daAuts
     D:6: 1854 daAuts
     D:4: 1836 daAuts
     D:5: 1429 daAuts
     D:1: 1390 daAuts
     D:3: 1370 daAuts
     D:2: 1138 daAuts
     D:8: 834 daAuts
  Temple: 85 daAuts
